raepbait, neutral female human Tourist | --. ...-- ...-- ---- -.... -..- ----..... -- .. ...-..... |.-.- -- ---........----II.---..-- - - ---..............I%.......| . |...................II....-- ------ .. --.......................-- ..|..-- ---.- |......................-- -.|...| -... --...... --............| --|.....| ...- |... ---.........(----.|^|..-|--..-- -- |.....---...--...*|...||..<.- |..... |..)%.%....--.--.--..| |.... ----..--.*..|....| -.| --... |..|---.----..| -- --.| ---- --- |..| -- ---- raepbait the Sightseer Experience level: 4 Strength: 12 Dexterity: 12 Constitution: 14 Intelligence: 13 Wisdom: 9 Charisma: 16 Health: 0(33) Energy: 20(20) Def: 1 Gold: 997 Moves: 925 Dungeon seed: NOKUhJi1aVefBYhy Game ID: raepbait_1464271439 Your Inventory: Coins $ - 997 gold pieces Weapons a - 47 +2 darts (in quiver) M - 2 +0 daggers Z - a +0 dwarvish spear Armor e - a blessed +0 Hawaiian shirt u - an uncursed +0 dwarvish iron helm v - a blessed +1 dwarvish roundshield x - an uncursed +0 pair of iron shoes N - an uncursed +0 pair of low boots (being worn) O - an uncursed +0 dwarvish cloak P - an uncursed +1 pair of iron shoes Q - an uncursed +0 dwarvish cloak Comestibles b - 4 uncursed food rations c - an uncursed fortune cookie d - an uncursed tin of lichen f - 4 uncursed tripe rations g - an uncursed figue h - an uncursed carrot i - an uncursed cram ration t - 3 uncursed lichen corpses w - an uncursed apple Scrolls k - 4 uncursed scrolls of magic mapping p - an uncursed scroll of teleportation y - a cursed scroll of teleportation z - 2 uncursed scrolls of identify Potions j - 2 uncursed potions of extra healing r - a blessed potion of object detection s - 2 uncursed potions of water A - an uncursed potion of monster detection B - a cursed potion of levitation D - a cursed potion of blindness I - an uncursed potion of see invisible L - an uncursed potion of full healing Wands n - a wand of secret door detection (0:13) Tools l - an uncursed oil lamp (0:1142) m - an expensive camera (0:80) o - an uncursed credit card C - a fire horn (0:2) H - 7 uncursed tallow candles (0:200) Gems q - an uncursed worthless piece of yellow glass E - 5 uncursed flint stones X - an uncursed worthless piece of orange glass Y - 2 uncursed worthless pieces of red glass Spells and supernatural/magical abilities: Name Level Category Fail Memory W - pray for help -- divine ? -- Your skills at the end: Miscellaneous Skills wands [Basic] Weapon Skills dart [Basic] Spellcasting Skills Final Attributes: You were devoutly aligned. You were blinded. You are dead. Vanquished creatures: a gnome lord a kitten 3 dwarves 7 gnomes 2 jackals a fox 4 newts a goblin 2 sewer rats a grid bug 4 lichens a kobold zombie 28 creatures vanquished. Voluntary challenges: You did not adorn yourself with jewelry or accessories. You never hit with a wielded weapon. You did not apply a unicorn horn. You were illiterate. You never genocided any monsters. You never polymorphed an object. You never changed form. You used no wishes. You never split a pudding. You never wrote Elbereth's name. You never violated your personal moral code. Dungeon overview: The Dungeons of Doom: levels 1 to 3 Level 1 a fountain a long staircase Level 2 a general store stairs to The Gnomish Mines Level 3 The Gnomish Mines: Level 3 <- You were here stairs to The Dungeons of Doom History has recorded: On T:1 you entered the Dungeons of Doom to retrieve the Amulet of Yendor! On T:370 you reached level 2 of The Dungeons of Doom. On T:547 you reached level 3 of The Dungeons of Doom. On T:665 you advanced to experience level 2. On T:789 you reached level 1 of The Gnomish Mines. On T:832 you advanced to experience level 3. On T:862 you advanced to experience level 4. Score breakdown: Gold: 222 ( 22 points) Experience: 4 levels ( 300 points) Exploration: 3 levels ( 60 points) Discoveries: 1 item ( 50 points) Variety of kills: 12 monsters ( 600 points) Major goal: (nothing yet) ( 0 points) Survival: died (score multiplied by 3) Total score: 3096 Latest messages: The kitten is killed! Something stabs you! Something bites! You die... Final status: Aloha raepbait the Tourist, killed by a giant rat... You died in The Gnomish Mines on dungeon level 3 with 3096 points, and 997 pieces of gold, after 925 moves. You were level 4 with a maximum of 33 hit points when you died.